 Dungeon Crawl Stone Soup version 0.18-a0-1070-gd466a24 (webtiles) character file.

9886 lysy the Basher (level 11, -11/111 HPs)
             Began as an Ogre Hunter on Jan 14, 2016.
             Was a High Priest of Okawaru.
             Succumbed to Sonja's poison
             ... on level 10 of the Dungeon.
             The game lasted 01:06:25 (12135 turns).

lysy the Basher (Ogre Hunter)                      Turns: 12135, Time: 01:06:25

Health: -11/111    AC: 14    Str: 23    XL:     11   Next: 53%
Magic:  4/4        EV:  8    Int: 14    God:    Okawaru [*****.]
Gold:   512        SH:  0    Dex: 11    Spells: 0 memorised, 10 levels left

rFire  . . .     SeeInvis +     v - +5 mace of Amoe {antimagic, rF+ Str+2 Int+4}
rCold  + + +     Gourm    .     A - +0 ice dragon armour
rNeg   . . .     Faith    .     (no shield)
rPois  .         Spirit   .     (helmet restricted)
rElec  .         Dismiss  .     G - +1 cloak
rCorr  .         Reflect  .     (gloves unavailable)
SustAt .         Harm     .     (boots unavailable)
MR     +....                    (no amulet)
Stlth  ..........               x - ring of see invisible
                                u - ring of protection from cold

@: lethally poisoned (-11 -> -125), slowed, drained, very slow, somewhat
resistant to hostile enchantments, extremely unstealthy
A: unfitting armour, frail 1, tough skin 1
a: Heroism, Finesse, Renounce Religion


You were on level 10 of the Dungeon.
You worshipped Okawaru.
Okawaru was extremely pleased with you.
You were hungry.

You visited 2 branches of the dungeon, and saw 12 of its levels.

You collected 572 gold pieces.
You spent 60 gold pieces at shops.

Inventory:

Hand Weapons
 v - the +5 mace of Amoe (weapon) {antimagic, rF+ Str+2 Int+4}
   (You found it on level 6 of the Dungeon)

   It disrupts the flow of magical energy around spellcasters and certain
   magical creatures (including the wielder).
   It affects your strength (+2).
   It affects your intelligence (+4).
   It protects you from fire.
 y - a +0 giant club
 R - a +0 giant spiked club
Missiles
 b - 7 tomahawks of dispersal
 c - 4 large rocks (quivered)
 d - 3 throwing nets
 o - 246 stones
 q - 6 javelins of penetration
 I - 7 javelins
Armour
 j - a +0 cloak
 A - a +0 ice dragon armour (worn)
 G - a +1 cloak (worn)
Jewellery
 g - an uncursed ring of flight
 h - an uncursed ring of sustain attributes
 m - an uncursed ring of magical power
 u - a ring of protection from cold (left hand)
 x - a ring of see invisible (right hand)
 B - an uncursed ring of magical power
Wands
 e - a wand of lightning (7/15)
 r - a wand of fireball (5/15)
 C - a wand of hasting (3/9)
 D - a wand of draining (4/15)
 F - a wand of draining (9/15)
 J - a wand of random effects (34/48)
 K - a wand of magic darts (21/48)
 P - a wand of magic darts (30/48)
Scrolls
 a - a scroll of fear
 k - 4 scrolls of teleportation
 l - 2 scrolls of magic mapping
 w - 2 scrolls of enchant weapon
 z - 2 scrolls of remove curse
 H - a scroll of identify
 L - a scroll of fog {unknown}
Potions
 i - a potion of magic
 n - a potion of berserk rage
 s - 2 potions of curing
 t - a potion of flight
 E - a potion of lignification {unknown}
 M - a potion of cancellation
 O - a potion of might
Books
 N - an Akashic Record

   Spells                             Type                      Level
   a - Dispersal                      Translocation                6
   b - Malign Gateway                 Summoning/Translocation      7
   c - Disjunction                    Translocation                8
   d - Controlled Blink               Translocation                8
Comestibles
 f - 3 bread rations
 p - 3 meat rations
 Q - a beef jerky


   Skills:
 - Level 12.4(12.1) Fighting
 - Level 14.0(13.7) Maces & Flails
 - Level 5.1(4.8) Throwing
 + Level 5.9(5.7) Armour
 - Level 3.3(3.0) Dodging
 - Level 0.7(0.5) Stealth
   Level 1.0(0.8) Shields
 - Level 5.0(4.8) Invocations


You had 10 spell levels left.
You didn't know any spells.

Dungeon Overview and Level Annotations

Branches:
Dungeon (11/15)            Temple (1/1) D:4
   Lair: D:8-11         Orc: D:9-12

Altars:
Ashenzari
Cheibriados
Dithmenos
Elyvilon
Fedhas
Gozag
Kikubaaqudgha
Makhleb
Nemelex Xobeh
Okawaru
Pakellas
Qazlal
Ru
Sif Muna
Trog
Vehumet
Xom
Yredelemnul
Zin
The Shining One

Shops:
D:7 [   D:9 *   D:10 (%

Annotations:
D:6 1 runed door
D:10 Psyche
D:11 Sonja


Innate Abilities, Weirdness & Mutations

You are too large for most types of armour.
You have tough skin (AC +1).
You are frail (-10% HP).


Message History

You are more poisoned.
Psyche toys with her hair.
Psyche completely misses you.
* * * LOW HITPOINT WARNING * * *
You feel very sick. Psyche hits you but does no damage.
You are more poisoned.
Sonja hits you but does no damage.
You are more poisoned.
Sonja hits you but does no damage. x2
You are more poisoned.
Psyche hits you but does no damage. Sonja hits you but does no damage.
You are more poisoned.
Sonja hits you but does no damage.
You are more poisoned.
Sonja hits you with an uncursed short sword of venom.
* * * LOW HITPOINT WARNING * * *
You can move again.
You climb upwards.
You die...

#........#
############........# ##
#...................# #.
#...........#.......###.
#...?...................
#..........############.
#..........# #.
#......h...# ##
#......@@..#
#.<........#
#..........#
############


You could see Psyche and a hound.

Vanquished Creatures
  The ghost of namelastname112 the Destroyer, a novice DrWz of Vehumet (D:8)
  A hill giant (D:10)
  2 gargoyles (D:10)
  2 trolls
  Prince Ribbit (D:5)
  4 wyverns
  Eustachio (D:5)
  A steam dragon (D:10)
  8 yaks
  The ghost of AbsoluteTabman the Ducker, an amateur MfAK of Lugonu (D:4)
  A hippogriff (D:8)
  Menkaure (D:5)
  A water moccasin (D:8)
  A sky beast (D:10)
  An orc warrior (D:8)
  2 black bears (D:9)
  A necrophage (D:8)
  5 phantoms
  2 ogres
  8 centaurs
  A crocodile (D:7)
  3 big kobolds
  2 giant frogs
  A water moccasin zombie (D:5)
  A scorpion (D:6)
  21 wights
  6 killer bees
  3 crimson imps
  2 giant frog zombies
  A centaur zombie (D:9)
  2 quasits
  7 hounds
  5 orc priests
  Crazy Yiuf (D:6)
  3 jellies
  8 orc wizards
  3 centaur skeletons
  2 iguanas (D:7)
  8 worker ants
  4 hound skeletons
  A worker ant zombie (D:6)
  9 gnolls
  7 adders
  2 shadow imps
  2 adder zombies
  2 adder skeletons
  A worm (D:3)
  6 giant geckos
  22 orcs
  2 ball pythons
  15 giant cockroaches
  8 goblins
  5 hobgoblins
  9 jackals
  3 quokkas
  12 bats
  A giant gecko skeleton (D:4)
  3 giant newts
  19 kobolds
  14 rats
  A butterfly (D:6)
  A fungus (D:6)
274 creatures vanquished.

Vanquished Creatures (others)
  A worker ant (D:6)
1 creature vanquished.

Grand Total: 275 creatures vanquished

Notes
Turn   | Place    | Note
--------------------------------------------------------------
     0 | D:1      | lysy the Ogre Hunter began the quest for the Orb.
     0 | D:1      | Reached XP level 1. HP: 22/22 MP: 1/1
   102 | D:1      | Reached XP level 2. HP: 11/29 MP: 2/2
   755 | D:2      | Reached skill level 1 in Maces & Flails
  1081 | D:2      | Reached XP level 3. HP: 31/36 MP: 3/3
  1540 | D:2      | Found a snail-covered altar of Cheibriados.
  2021 | D:2      | Reached skill level 5 in Throwing
  2304 | D:2      | Reached XP level 4. HP: 44/44 MP: 4/4
  2597 | D:3      | Reached XP level 5. HP: 50/50 MP: 5/5
  2928 | D:3      | Found a radiant altar of Vehumet.
  2928 | D:3      | Found a burning altar of Makhleb.
  2942 | D:3      | Reached skill level 5 in Maces & Flails
  3150 | D:3      | Reached skill level 6 in Maces & Flails
  3150 | D:3      | Reached XP level 6. HP: 55/59 MP: 6/6
  3710 | D:3      | Found a glowing golden altar of the Shining One.
  3975 | D:4      | Found a shattered altar of Ashenzari.
  3996 | D:4      | Reached skill level 1 in Shields
  4141 | D:4      | Found a staircase to the Ecumenical Temple.
  4151 | D:4      | Noticed AbsoluteTabman's ghost (amateur MfAK)
  4185 | D:4      | Killed AbsoluteTabman's ghost
  4185 | D:4      | Reached skill level 7 in Maces & Flails
  4185 | D:4      | Reached XP level 7. HP: 34/66 MP: 7/7
  4326 | Temple   | Entered the Ecumenical Temple
  4437 | Temple   | Became a worshipper of Warmaster Okawaru
  4539 | D:4      | Noticed an angel
  4722 | D:4      | Found a sparkling altar of Nemelex Xobeh.
  4772 | D:4      | Noticed a rust devil
  4872 | D:5      | Entered Level 5 of the Dungeon
  4873 | D:5      | Reached skill level 8 in Maces & Flails
  5228 | D:5      | Reached * piety under Okawaru
  5228 | D:5      | Reached XP level 8. HP: 53/79 MP: 8/8
  5389 | D:5      | Reached skill level 5 in Fighting
  5401 | D:5      | Reached skill level 9 in Maces & Flails
  5669 | D:5      | Found a sacrificial altar of Ru.
  5672 | D:5      | Noticed Eustachio
  5704 | D:5      | Noticed Prince Ribbit
  5921 | D:5      | Killed Prince Ribbit
  5921 | D:5      | Reached ** piety under Okawaru
  5921 | D:5      | Reached skill level 10 in Maces & Flails
  5990 | D:5      | Noticed Menkaure
  5998 | D:5      | Killed Menkaure
  6236 | D:5      | Reached XP level 9. HP: 96/96 MP: 9/9
  6242 | D:5      | Killed Eustachio
  6294 | D:6      | Reached skill level 11 in Maces & Flails
  6372 | D:6      | Found a shadowy altar of Dithmenos.
  6521 | D:6      | Found a runed door.
  6539 | D:6      | Found a runed door.
  6684 | D:6      | Gained mutation: You are frail (-10% HP). [mutagenic glow]
  6756 | D:6      | Reached *** piety under Okawaru
  6884 | D:6      | Noticed Crazy Yiuf
  6888 | D:6      | Killed Crazy Yiuf
  6896 | D:6      | Got an ichor-stained mace
  6901 | D:6      | Got a fine mace
  6916 | D:6      | Identified the +5 mace of Amoe {antimagic, rF+ Str+2 Int+4} (You found it on level 6 of the Dungeon)
  6917 | D:6      | Identified the +4 mace of Imminent Death {crush, +Rage rC- Str+2 Dex+2} (You found it on level 6 of the Dungeon)
  7097 | D:7      | Found a shimmering altar of Xom.
  7097 | D:7      | Noticed a troll
  7100 | D:7      | Killed a troll
  7100 | D:7      | Reached skill level 12 in Maces & Flails
  7101 | D:7      | Noticed an angel
  7184 | D:7      | Found a stormy altar of Qazlal.
  7280 | D:7      | Found a glowing silver altar of Zin.
  7290 | D:7      | Reached skill level 10 in Fighting
  7417 | D:7      | Found Uruster's Antique Armour Shop.
  7479 | D:7      | Reached skill level 1 in Invocations
  7503 | D:7      | Found a deep blue altar of Sif Muna.
  7749 | D:7      | Received a gift from Okawaru
  7749 | D:7      | Reached XP level 10. HP: 97/99 MP: 3/11
  8113 | D:8      | Noticed namelastname112's ghost (novice DrWz)
  8555 | D:8      | Killed namelastname112's ghost
  8555 | D:8      | Reached **** piety under Okawaru
  8555 | D:8      | Reached skill level 13 in Maces & Flails
  9041 | D:8      | Received a gift from Okawaru
  9049 | D:8      | Reached skill level 5 in Invocations
  9305 | D:8      | Reached skill level 14 in Maces & Flails
  9320 | D:8      | Reached skill level 1 in Armour
  9333 | D:8      | Received a gift from Okawaru
  9899 | D:8      | Reached ***** piety under Okawaru
 10005 | D:9      | Found a bloodstained altar of Trog.
 10023 | D:9      | Reached XP level 11. HP: 48/108 MP: 0/14
 10336 | D:9      | Found Uboeff's Assorted Antiques.
 10341 | D:9      | Bought a scroll labeled ZEOCYR JEAF for 32 gold pieces
 10341 | D:9      | Bought a fuming cyan potion for 28 gold pieces
 10882 | D:10     | Entered Level 10 of the Dungeon
 10906 | D:10     | Found Diepsul's Food Shop.
 11311 | D:10     | Found Izxullan's Weapon Boutique.
 11674 | D:10     | Noticed a hill giant
 11690 | D:10     | Killed a hill giant
 11690 | D:10     | Reached skill level 5 in Armour
 12114 | D:11     | Noticed Psyche
 12115 | D:11     | Noticed Sonja
 12129 | D:11     | Paralysed by Psyche for 6 turns
 12134 | D:11     | HP: 5/111 [Sonja/uncursed short sword of venom (1)]
 12135 | D:10     | Succumbed to Sonja's poison

Vault maps used:
D:1:      co_arrival_random_square_maze
D:2:      cheibriados_altar_1, serial_bayou_pond_a, minmay_bisected
D:3:      grunt_temple_overflow_lords_of_destruction, tso_altar
D:4:      ashenzari_altar_1, temple_garden, nemelex_diamond_rough_becter
D:5:      nicolae_ru_sacrificial_ziggurat, first_bread, uniq_menkaure,
          uniq_eustachio, uniq_prince_ribbit1
D:6:      lemuel_insect_pit, nicolae_dithmenos_shadow_blocks,
          minmay_misc_feat_encased, uniq_crazy_yiuf_cottage
D:7:      grunt_temple_overflow_order_and_chaos_1,
          nicolae_overflow_hidden_temple, kennysheep_little_box, serial_shops,
          kennysheep_mini_moat, minivault_5
D:9:      trog_ov_bears_minmay, serial_shops, nicolae_shop_overgrown_old_shop
D:10:     serial_shops, shop, nicolae_shop_statue_plus
D:11:     lair_0_dummy, serial_shops, nicolae_shop_competitors_out_of_business,
          uniq_sonja, uniq_gastronok, uniq_josephine, uniq_psyche, uniq_maurice
Temple:   grunt_temple_mini_profane_8

Action                   |  1- 3 |  4- 6 |  7- 9 | 10-12 || total
-------------------------+-------+-------+-------+-------++-------
Melee: Short sword       |    47 |       |       |       ||    47
       Club              |   177 |    51 |       |       ||   228
       Mace              |       |   143 |   365 |   422 ||   930
       Giant club        |       |       |    22 |       ||    22
Throw: Large rock        |     4 |    11 |    15 |     7 ||    37
       Stone             |    11 |    27 |     4 |       ||    42
       Throwing net      |     1 |     2 |       |       ||     3
Invok: Heroism           |       |       |       |     5 ||     5
  Use: Scroll            |       |     7 |    11 |     4 ||    22
       Potion            |       |     1 |     2 |     8 ||    11
 Stab: Sleeping          |     2 |     2 |       |       ||     4
  Eat: Chunk             |     4 |     7 |     5 |     6 ||    22
       Beef jerky        |       |       |     1 |     1 ||     2
       Meat ration       |       |       |     1 |     1 ||     2
       Royal jelly       |       |       |       |     1 ||     1
